 Dungeon Crawl Stone Soup version 0.27-a0-705-ga0013940fb (webtiles) character file.

Game seed: 9182367778939854788

6 porpoise the Conjurer (level 1, -1/10 HPs)
             Began as a Tengu Conjurer on Mar 23, 2021.
             Slain by a quokka (3 damage)
             ... on level 1 of the Dungeon.
             The game lasted 00:00:52 (138 turns).

porpoise the Conjurer (Tengu Conjurer)               Turns: 138, Time: 00:00:54

Health: -1/10      AC:  2    Str:  7    XL:     1   Next: 90%
Magic:  0/4        EV: 12    Int: 18    God:
Gold:   26         SH:  0    Dex: 12    Spells: 3/4 levels left

rFire    . . .     SeeInvis .   (no weapon)
rCold    . . .     Faith    .   (no shield)
rNeg     . . .     Spirit   .   a - +0 robe
rPois    .         Reflect  .   (helmet restricted)
rElec    .         Harm     .   (no cloak)
rCorr    .         Rampage  .   (no gloves)
Will     .....                  (boots unavailable)
Stlth    ++........             (no amulet)
HPRegen  0.03/turn              (no ring)
MPRegen  0.09/turn              (no ring)

@: no status effects
A: beak, talons 3
a: no special abilities


You were on level 1 of the Dungeon.
You visited 1 branch of the dungeon, and saw 1 of its levels.

You collected 26 gold pieces.

Inventory:

Missiles
 b - 16 stones
 d - 16 bolts
Armour
 a - a +0 robe (worn)
Potions
 c - a potion of resistance {unknown}
 e - a potion of curing {unknown}


   Skills:
 - Level 2.1 Dodging
 - Level 2.0 Stealth
 + Level 2.2 Spellcasting
 + Level 5.5 Conjurations


You had 3 spell levels left.
You knew the following spells:

 Your Spells              Type           Power      Damage    Failure   Level
a - Magic Dart            Conj           88%        1d7       1%          1

Your spell library contained the following spells:

 Spells                   Type           Power      Damage    Failure   Level
 Searing Ray              Conj           44%        3d4       2%          2
 Dazzling Flash           Conj/Hex       24%        N/A       17%         3
 Fulminant Prism          Conj/Hex       6%         3d7       50%         4
 Iskenderun's Mystic Bla  Conj/Tloc      12%        2d5       50%         4


Dungeon Overview and Level Annotations

Branches:
Dungeon (1/15)

Altars:


Innate Abilities, Weirdness & Mutations

You have a beak for a mouth.
You have claws for feet.


Message History

Aim: a quokka (0% to evade)
The magic dart hits the quokka.
The quokka is heavily wounded.
A ball python comes into view.
Casting: Magic Dart (safe; 1% risk of failure)
Confirm with . or Enter, or press ? or * to list all spells.
You don't have enough magic to cast this spell.
Unknown command.
A bat comes into view.
The bat barely misses you. The bat hits you but does no damage.
The ball python hisses angrily.
The bat hits you but does no damage.
You closely miss the quokka.
The quokka is heavily wounded.
The bat misses you. The quokka bites you.
You hit the quokka but do no damage.
The quokka is heavily wounded.
The bat barely misses you. The quokka misses you.
You closely miss the quokka.
The quokka is heavily wounded.
The bat hits you but does no damage. The quokka bites you.
You hit the bat. You peck the bat, but do no damage.
The bat is moderately wounded.
The bat barely misses you. The quokka bites you. The quokka misses you.
You hit the quokka.
The quokka is almost dead.
The bat hits you but does no damage. The ball python misses you.
The ball python grabs you. The ball python constricts you.
The quokka bites you.
* * * LOW HITPOINT WARNING * * *
Casting: Magic Dart (safe; 1% risk of failure)
Confirm with . or Enter, or press ? or * to list all spells.
Aiming: Magic Dart (safe; 1% risk of failure)
Press: ? - help, Shift-Dir - straight line, f - ball python, p - quokka
Aim: a ball python (constricting you, 0% to evade)
The magic dart hits the ball python.
You kill the ball python!
The bat hits you but does no damage. The quokka bites you.
You die...

#............#
#####............#
#S..†............#
#............#
#............#
#............#
#......†.....#
#r†..........#
#@...........#
#............#
#b...........#
#............#
#............#
#............#
#............#
##############


You could see a quokka and a bat.

Vanquished Creatures
  A dart slug (D:1)
  A giant cockroach (D:1)
  A quokka (D:1)
  A ball python (D:1)
  A rat (D:1)
5 creatures vanquished.

Notes
Turn   | Place    | Note
-------+----------+-------------------------------------------
     0 | D:1      | porpoise the Tengu Conjurer began the quest for the Orb.
     0 | D:1      | Reached XP level 1. HP: 10/10 MP: 4/4
   138 | D:1      | Slain by a quokka

Illustrated notes

Levels and vault maps discovered:
D:1:      evilmike_arrival_crescent, layout_basic

Action                   || total
-------------------------++-------
Melee: Unarmed           ||     5
       Peck              ||     1
 Cast: Magic Dart        ||    10
Armor: Robe              ||     6
Dodge: Dodged            ||     9

Table legend: (Time is in decaauts)
 A = Elapsed time spent in this place.
 B = Non-inter-level travel time spent in this place.
 C = Inter-level travel time spent in this place.
 D = Time resting spent in this place.
 E = Time spent auto-exploring this place.
 F = Levels seen in this place.
 G = Mean time per level.
                   A        B        C        D        E       F      G
               +--------+--------+--------+--------+--------+-----+--------+
         Total |    138 |    138 |      0 |     51 |     54 |   1 |  138.0 |
       Dungeon |    138 |    138 |      0 |     51 |     54 |   1 |  138.0 |
               +--------+--------+--------+--------+--------+-----+--------+

Top non-repeatable levels by time:
     D:1: 138 daAuts
